 Dungeon Crawl Stone Soup version 0.30-a0-610-gb513c0a51f (webtiles) character file.

Game seed: 5823539843747773463

194 Dartaoz the Conjurer (level 5, -8/42 HPs)
             Began as a Draconian Conjurer on Jan 7, 2023.
             Mangled by a gnoll sergeant
             ... wielding a +0 spear
              (13 damage)
             ... on level 4 of the Dungeon.
             The game lasted 00:08:43 (3340 turns).

Dartaoz the Conjurer (Draconian Conjurer)           Turns: 3340, Time: 00:08:44

Health: -8/42      AC:  6    Str: 16    XL:     5   Next: 44%
Magic:  3/9        EV: 12    Int: 20    God:
Gold:   110        SH:  0    Dex:  9    Spells: 6/9 levels left

rFire   . . .      SeeInvis .    i - +1 whip (venom)
rCold   . . .      Faith    .    (no shield)
rNeg    . . .      Spirit   .    (body armour unavailable)
rPois   .          Reflect  .    (helmet restricted)
rElec   .          Harm     .    (no cloak)
rCorr   .          Rampage  .    o - +0 pair of gloves
Will    .....                    (no boots)
Stlth   ++                       (no amulet)
HPRegen 0.27/turn                c - +6 ring of strength
MPRegen 0.11/turn                (no ring)

@: no status effects
A: AC +5, unfitting armour, cold-blooded
a: no special abilities


You were on level 4 of the Dungeon.
You visited 1 branch of the dungeon, and saw 4 of its levels.

You collected 188 gold pieces.
You spent 78 gold pieces at shops.

Inventory:

Hand Weapons
 i - a +1 whip of venom (weapon)
Armour
 o - a +0 pair of gloves (worn)
Jewellery
 c - a +6 ring of strength (left hand)
 m - a ring of protection from cold
Scrolls
 b - 3 scrolls of teleportation {unknown}
 d - a scroll of fear {unknown}
 e - a scroll of vulnerability {unknown}
 f - 2 scrolls of fog {unknown}
 k - 2 scrolls of amnesia {unknown}
 l - a scroll of summoning {unknown}
 p - a scroll of blinking {unknown}
Potions
 a - a potion of magic
 g - 2 potions of invisibility
 h - a potion of curing
 j - a potion of degeneration
 n - a potion of haste
 q - 2 potions of attraction {unknown}


   Skills:
 + Level 2.3 Fighting
 + Level 2.8 Dodging
 + Level 2.9 Stealth
 + Level 2.9 Spellcasting
 + Level 4.6 Conjurations


You had 6 spell levels left.
You knew the following spells:

 Your Spells              Type           Power      Damage    Failure   Level
a - Magic Dart            Conj           84%        1d7       2%          1
b - Searing Ray           Conj           42%        2d6       3%          2

Your spell library contained the following spells:

 Spells                   Type           Power      Damage    Failure   Level
 Necrotise                Necr           8%         1d4       14%         1
 Slow                     Hex            8%         N/A       14%         1
 Dazzling Flash           Conj/Hex       24%        N/A       17%         3
 Confusing Touch          Hex            2%         N/A       41%         3
 Summon Guardian Golem    Hex/Summ       2%         N/A       41%         3
 Vampiric Draining        Necr           2%         2d6       41%         3
 Fulminant Prism          Conj/Hex       6%         3d7       50%         4
 Iskenderun's Mystic Bla  Conj/Tloc      12%        2d5       50%         4
 Agony                    Necr           2%         N/A       99%         5
 Orb of Destruction       Conj           10%        9d6       100%        7
 Spellforged Servitor     Conj/Summ      6%         N/A       100%        7


Dungeon Overview and Level Annotations

Branches:
Dungeon (4/15)
 Temple: D:4-7

Altars:
Okawaru

Shops:
D:1 [   D:2 (   D:3 ?


Innate Abilities, Weirdness & Mutations

Your plain brown scales are hard. (AC +5)
You cannot fit into any form of body armour.
You are cold-blooded and may be slowed by cold attacks.


Message History

The gnoll sergeant hits you from afar with a +0 spear.
The gnoll sergeant hits you with a +0 spear.
You see here a scroll of identify.
You hit the gnoll sergeant.
Your tail-slap misses the gnoll sergeant.
The gnoll sergeant is heavily wounded.
The gnoll sergeant hits you with a +0 spear.
The gnoll sergeant blocks your attack.
You tail-slap the gnoll sergeant.
The gnoll sergeant is heavily wounded.
The gnoll sergeant barely misses you.
You hit the gnoll sergeant but do no damage.
Your tail-slap misses the gnoll sergeant.
The gnoll sergeant is heavily wounded.
The gnoll sergeant barely misses you. The gnoll sergeant blocks your attack.
The gnoll sergeant is heavily wounded.
The gnoll sergeant closely misses you. The gnoll sergeant blocks your attack.
The gnoll sergeant is heavily wounded.
The gnoll sergeant hits you with a +0 spear.
You hit the gnoll sergeant.
The gnoll sergeant is poisoned.
The gnoll sergeant is severely wounded.
The gnoll sergeant hits you with a +0 spear!
* * * LOW HITPOINT WARNING * * *
The gnoll sergeant closely misses you. The gnoll sergeant blocks your attack.
You tail-slap the gnoll sergeant, but do no damage.
The gnoll sergeant is severely wounded.
The gnoll sergeant hits you but does no damage.
You hit the gnoll sergeant but do no damage.
The gnoll sergeant looks as sick as possible!
You tail-slap the gnoll sergeant, but do no damage.
The gnoll sergeant is severely wounded.
The gnoll sergeant closely misses you.
You hit the gnoll sergeant but do no damage.
The gnoll sergeant looks as sick as possible!
Your tail-slap misses the gnoll sergeant.
The gnoll sergeant is severely wounded.
The gnoll sergeant hits you with a +0 spear!
You die...

..# #.#############
#### ........g@....#
# ...#
#.###########†#.#####
##.# #.# #..........
#.#
#.#########.#########
##.#####........##.#
...........## #.##.#
....#.......###.##.#
##...........##.##.##
.............##.##..#


You could see a gnoll sergeant (extremely poisoned).

Vanquished Creatures
  A scorpion (D:4)
  3 gnolls (D:4)
  3 adders
  A white imp (D:4)
  An ufetubus (D:4)
  2 dart slugs
  3 orcs
  4 ball pythons
  6 bats
  5 endoplasms
  3 giant cockroaches
  4 goblins
  5 hobgoblins
  5 quokkas
  2 frilled lizards (D:1)
  9 kobolds
  6 rats
63 creatures vanquished.

Notes
Turn   | Place    | Note
-------+----------+-------------------------------------------
     0 | D:1      | Dartaoz the Draconian Conjurer began the quest for the Orb.
     0 | D:1      | Reached XP level 1. HP: 14/14 MP: 3/3
   245 | D:1      | Reached XP level 2. HP: 22/22 MP: 0/5
   327 | D:1      | Found Ydohekeyparch's Antique Armour Shoppe.
   503 | D:1      | Found a faded altar of an unknown god.
   662 | D:1      | Reached skill level 1 in Fighting
   912 | D:2      | Reached XP level 3. HP: 28/28 MP: 3/6
  1116 | D:2      | Found Waem's Antique Weapon Emporium.
  1301 | D:2      | Learned a level 2 spell: Searing Ray
  1984 | D:3      | Found Gidd's Magic Scroll Shop.
  1992 | D:3      | Bought a scroll of identify for 26 gold pieces
  1992 | D:3      | Bought a scroll of identify for 26 gold pieces
  1992 | D:3      | Bought a scroll of identify for 26 gold pieces
  2119 | D:3      | Found an iron altar of Okawaru.
  2501 | D:4      | Reached XP level 4. HP: 35/35 MP: 1/7
  2667 | D:4      | Noticed a gnoll sergeant
  2863 | D:4      | Noticed a scorpion
  2872 | D:4      | Killed a scorpion
  2873 | D:4      | Reached XP level 5. HP: 41/41 MP: 1/9
  3340 | D:4      | Mangled by a gnoll sergeant

Illustrated notes

Levels and vault maps discovered:
D:1:      mrwooster_arrival_statue_3, layout_rooms, serial_shops,
          nicolae_shop_behind_doors, chequers_ecumenical_altar_simple_redux
D:2:      layout_rooms, serial_shops, shop, kennysheep_boxes
D:3:      layout_loops_corners, mainiacjoe_overflow_brackets, serial_shops,
          nicolae_lakefront_shop
D:4:      layout_loops_ring

Skill      XL: |  1  2  3  4 |
---------------+-------------+-----
Stealth        | 2 |  2.9
Dodging        | 2 |  2.8
Fighting       | 1 2 |  2.3
Spellcasting   | |  2.9
Conjurations   | |  4.6

Action                   |  1- 3 |  4- 6 || total
-------------------------+-------+-------++-------
Melee: Unarmed           |    17 |       ||    17
       Tailslap          |     3 |     4 ||     7
       Whip              |       |    17 ||    17
 Cast: Magic Dart        |    94 |    49 ||   143
       Searing Ray       |       |     2 ||     2
  Use: Scroll            |     4 |       ||     4
Armor: Skin              |     8 |    12 ||    20
Dodge: Dodged            |    13 |    25 ||    38

Table legend: (Time is in decaauts)
 A = Elapsed time spent in this place.
 B = Non-inter-level travel time spent in this place.
 C = Inter-level travel time spent in this place.
 D = Time resting spent in this place.
 E = Time spent auto-exploring this place.
 F = Levels seen in this place.
 G = Mean time per level.
                   A        B        C        D        E       F      G
               +--------+--------+--------+--------+--------+-----+--------+
         Total |   3340 |   3263 |     77 |     43 |   2773 |   4 |  835.0 |
       Dungeon |   3340 |   3263 |     77 |     43 |   2773 |   4 |  835.0 |
               +--------+--------+--------+--------+--------+-----+--------+

Top non-repeatable levels by time:
     D:3: 1040 daAuts
     D:2: 800 daAuts
     D:4: 774 daAuts
     D:1: 725 daAuts
